 Dungeon Crawl Stone Soup version 0.30-a0-241-g1121274140 (webtiles) character file.

Game seed: 327435204277408507

49 zishaf the Gusty (level 3, 20/20 HPs)
             Began as a Tengu Air Elementalist on Oct 10, 2022.
             Was an Initiate of Yredelemnul.
             Quit the game on level 3 of the Dungeon.
             The game lasted 00:03:42 (1773 turns).

zishaf the Gusty (Tengu Air Elementalist)           Turns: 1773, Time: 00:03:43

Health: 20/20      AC:  3    Str:  8    XL:     3   Next: 77%
Magic:  7/7        EV: 12    Int: 17    God:    Yredelemnul [......]
Gold:   140        SH:  0    Dex: 14    Spells: 5/6 levels left

rFire   . . .      SeeInvis .    l - +1 dagger (venom)
rCold   . . .      Faith    .    (no shield)
rNeg    . . .      Spirit   .    a - +0 robe
rPois   .          Reflect  .    (helmet restricted)
rElec   .          Harm     .    (no cloak)
rCorr   .          Rampage  .    f - +0 pair of gloves
Will    .....                    (boots unavailable)
Stlth   ++........               (no amulet)
HPRegen 0.23/turn                (no ring)
MPRegen 0.10/turn                (no ring)

@: no status effects
A: beak, talons 3
a: Renounce Religion, Recall Undead Harvest


You were on level 3 of the Dungeon.
You worshipped Yredelemnul.
Yredelemnul was noncommittal.
You visited 1 branch of the dungeon, and saw 3 of its levels.

You collected 140 gold pieces.

Inventory:

Hand Weapons
 d - a +0 dagger
 j - a +1 short sword of holy wrath
 l - a +1 dagger of venom (weapon)
Armour
 a - a +0 robe (worn)
 f - a +0 pair of gloves (worn)
 o - a scarf of shadows
Scrolls
 g - a scroll of enchant armour {unknown}
 k - a scroll of torment {unknown}
 m - a scroll of immolation {unknown}
Potions
 b - a potion of magic
 c - a potion of mutation {unknown}
 e - a potion of curing {unknown}
 h - 2 potions of degeneration {unknown}
 i - a potion of ambrosia {unknown}
 n - a potion of brilliance {unknown}


   Skills:
 + Level 1.3 Fighting
 - Level 2.1 Dodging
 - Level 2.0 Stealth
 - Level 2.0 Spellcasting
 + Level 2.5 Conjurations
 * Level 5.2 Air Magic


You had 5 spell levels left.
You knew the following spells:

 Your Spells              Type           Power      Damage    Failure   Level
a - Shock                 Conj/Air       56%        1d6       4%          1

Your spell library contained the following spells:

 Spells                   Type           Power      Damage    Failure   Level
 Static Discharge         Conj/Air       28%        2-4/arc   6%          2
 Swiftness                Air            19%        N/A       7%          3
 Airstrike                Air            9%         2d(2-18)  22%         4


Dungeon Overview and Level Annotations

Branches:
Dungeon (3/15)

Altars:
Yredelemnul


Innate Abilities, Weirdness & Mutations

You have a beak for a mouth.
You have claws for feet.


Message History

You can now trade souls for undead servants.
You swap places.
You swap places.
You see here a scarf of shadows.
o - a scarf of shadows You can no longer trade souls for undead servants.
A dart slug comes into view.
The dart slug launches a dart at you. The slug dart misses you.
You hit the dart slug.
The dart slug is poisoned.
You claw the dart slug, but do no damage.
The dart slug is heavily wounded.
You hit the dart slug but do no damage.
The dart slug looks as sick as possible!
You claw the dart slug, but do no damage.
You peck the dart slug.
You kill the dart slug!
The dead are slithering!
No target in view!
No target in view!
You swap places.
You swap places.
You swap places.
You swap places.
You swap places.
Done exploring.
No target in view!
Done exploring.
(D) Dungeon
Where to? (Enter - D:2, ? - help)
You swap places.
You swap places.
You swap places.
You swap places.
There is a stone staircase leading down here.
You climb downwards.
Your mindless puppet stays behind to rot.
Found a scroll labelled AKHLYNL UXEUL.
There is a stone staircase leading up here.
Are you sure you want to abandon this character and quit the game? (Confirm with "yes".) ## ## #. .# #. .# #. .# #.#?#.# #.@...# #####.#

There were no monsters in sight!

Vanquished Creatures
  An adder (D:2)
  A worm (D:2)
  A dart slug (D:2)
  4 bats
  2 giant cockroaches
  2 goblins (D:1)
  4 hobgoblins
  5 kobolds
  2 quokkas
  2 ball pythons (D:1)
  2 frilled lizards (D:1)
  5 rats
31 creatures vanquished.

Vanquished Creatures (collateral kills)
  A ball python (D:2)
1 creature vanquished.

Vanquished Creatures (others)
  A bat zombie (D:2)
1 creature vanquished.

Grand Total: 33 creatures vanquished

Notes
Turn   | Place    | Note
-------+----------+-------------------------------------------
     0 | D:1      | zishaf the Tengu Air Elementalist began the quest for the
                  | Orb.
     0 | D:1      | Reached XP level 1. HP: 10/10 MP: 4/4
   284 | D:1      | Reached XP level 2. HP: 16/16 MP: 0/6
   899 | D:1      | Reached skill level 1 in Fighting
  1072 | D:2      | Found a faded altar of an unknown god.
  1131 | D:2      | Reached XP level 3. HP: 20/20 MP: 2/7
  1152 | D:2      | Prayed at the altar of an unknown god.
  1152 | D:2      | Became a worshipper of Yredelemnul the Dark
  1152 | D:2      | Reached * piety under Yredelemnul
  1265 | D:2      | Reached skill level 5 in Air Magic
  1462 | D:2      | Reached ** piety under Yredelemnul
  1773 | D:3      | Quit the game

Illustrated notes

Levels and vault maps discovered:
D:1:      wander_arrival_chamber, layout_loops_ring, minmay_split_cup_large
D:2:      layout_loops_ring, dreamdust_ecumenical_altar_statues
D:3:      layout_basic, mainiacjoe_overflow_brackets, lightli_temple_of_fire,
          serial_shops, shop

Skill      XL: |  1  2  3 |
---------------+----------+-----
Conjurations   | 2 |  2.5
Fighting       | 1 |  1.3
Air Magic      | 5 |  5.2
Dodging        | |  2.1
Stealth        | |  2.0
Spellcasting   | |  2.0

Action                   || total
-------------------------++-------
Melee: Dagger            ||    24
       Kick              ||     8
       Peck              ||     4
 Cast: Shock             ||    43
Invok: Dark Bargain      ||     1
 Stab: Sleeping          ||     2
Armor: Robe              ||    13
Dodge: Dodged            ||    23

Table legend: (Time is in decaauts)
 A = Elapsed time spent in this place.
 B = Non-inter-level travel time spent in this place.
 C = Inter-level travel time spent in this place.
 D = Time resting spent in this place.
 E = Time spent auto-exploring this place.
 F = Levels seen in this place.
 G = Mean time per level.
                   A        B        C        D        E       F      G
               +--------+--------+--------+--------+--------+-----+--------+
         Total |   2146 |   2046 |    100 |      4 |   1725 |   3 |  715.3 |
       Dungeon |   2146 |   2046 |    100 |      4 |   1725 |   3 |  715.3 |
               +--------+--------+--------+--------+--------+-----+--------+

Top non-repeatable levels by time:
     D:2: 1105 daAuts
     D:1: 1040 daAuts
     D:3: 0 daAuts
